 Dungeon Crawl Stone Soup version 0.30.0-29-ga12c61a403 (webtiles) character file.

Game seed: 12813819549187433558

14412 qw the Cleaver (level 12, 0/69 HPs)
             Began as a Gargoyle Fighter on June 2, 2023.
             Was a High Priest of Okawaru.
             Slain by an eight-headed hydra (10 damage)
             ... on level 2 of the Lair of Beasts.
             The game lasted 00:05:31 (11195 turns).

qw the Cleaver (Gargoyle Fighter)                  Turns: 11195, Time: 00:05:31

Health: 0/69       AC: 33    Str: 23    XL:     12   Next: 16%
Magic:  11/18      EV: 13    Int: 17    God:    Okawaru [*****.]
Gold:   658        SH:  6    Dex:  7    Spells: 11/11 levels left

rFire   . . .        x - +0 morningstar
rCold   . . .        c - +0 buckler
rNeg    + . .        j - +4 plate armour {rPois}
rPois   inf          v - +1 hat
rElec   +            (no cloak)
rCorr   .            (no gloves)
SInv    +            w - +2 pair of boots
Will    .....        b - amulet of faith Stlth
                     t - +5 ring of evasion
HPRegen 0.31/turn    e - ring of Spontaneous Combustion {Slay+3 SInv}
MPRegen 0.16/turn

%: faith
@: about to teleport, heroic, finesse-ful
A: sickness immunity, AC +8, negative energy resistance 1, electricity
resistance, torment resistance 1, petrification resistance, clever 2, frail 1,
subdued magic 2
a: Renounce Religion, Heroism, Finesse, Duel


You were on level 2 of the Lair of Beasts.
You worshipped Okawaru.
Okawaru was extremely pleased with you.
You visited 3 branches of the dungeon, and saw 13 of its levels.
You also visited: Sewer.

You collected 838 gold pieces.
You spent 180 gold pieces at shops.


Innate Abilities, Weirdness & Mutations

You are immune to sickness and miasma.
Your stone body is resilient. (AC +8)
You are immune to poison.
You resist negative energy. (rN+)
You are resistant to electric shocks. (rElec)
You are resistant to unholy torment.
You are immune to petrification.
Your mind is very acute. (Int +8, Str/Dex -2)
You are frail. (-10% HP)
Your spells are easier to cast, but less powerful.


   Skills:
 + Level 9.8(14.8) Fighting
 - Level 12.0(17.0) Axes
 - Level 3.1(8.1) Throwing
 - Level 8.4(13.4) Armour
 - Level 1.0(6.0) Dodging
 - Level 6.0(11.0) Shields
 + Level 8.1 Invocations


You had 11 spell levels left.
You didn't know any spells.
Your spell library was empty.

Inventory:

Hand Weapons
 i - the +4 broad axe "Xokliok" {pain, rPois}
   (You acquired it on level 3 of the Dungeon)

   rPois:     It protects you from poison.
 x - a +0 morningstar (weapon)
Missiles
 o - 7 boomerangs
 r - 3 javelins (quivered)
Armour
 c - a +0 buckler (worn)
 j - a +4 plate armour of poison resistance (worn)
 v - a +1 hat (worn)
 w - a +2 pair of boots (worn)
Jewellery
 b - an amulet of faith (around neck)
 e - the ring of Spontaneous Combustion (right hand) {Slay+3 SInv}
   (You found it on level 7 of the Dungeon)

   [ring of see invisible]

   Slay:      It affects your accuracy & damage with ranged weapons and melee
   (+3).
   SInv:      It lets you see invisible.
 m - a ring of protection from fire
 q - a ring of ice
 t - a +5 ring of evasion (left hand)
Scrolls
 g - a scroll of identify
 n - 2 scrolls of teleportation
 u - a scroll of enchant weapon
Potions
 a - 3 potions of curing
 d - 3 potions of might
 f - 4 potions of haste
 h - 2 potions of cancellation
 k - 3 potions of attraction
 l - 2 potions of heal wounds
 p - a potion of lignification
 s - a potion of invisibility {unknown}

Dungeon Overview and Level Annotations

Branches:
Dungeon (10/15)            Temple (1/1) D:7            Lair (2/5) D:10
  Sewer (visited)
  Swamp: Lair:2-3    Shoals: Lair:2-3     Snake: Lair:2-3    Spider: Lair:2-3
    Orc: D:9-12

Altars:
Ashenzari
Cheibriados
Dithmenos
Elyvilon
Fedhas
Gozag
Hepliaklqana
Kikubaaqudgha
Makhleb
Nemelex Xobeh
Okawaru
Qazlal
Ru
Sif Muna
Trog
Uskayaw
Vehumet
Wu Jian
Xom
Yredelemnul
Zin
The Shining One

Shops:
D:4 =

Portals:
Trove: D:10 (give 6 scrolls of blinking)

Annotations:
D:2 1 runed translucent door, Crazy Yiuf
D:9 1 runed translucent door, qw's ghost, journeyman GrCA


Message History

The death yak gores you.
The death yak gores you but does no damage.
You slash the death yak!
You kill the death yak!
Okawaru accepts your kill.
You hit the death yak. You hit the yak. You slash the yak!
You kill the yak!
Okawaru accepts your kill.
Your Invocations skill increases to level 8!
You hit the death yak.
The death yak is severely wounded.
You slash the yak! You slash the death yak!
The death yak is severely wounded.
You slash the yak!
Your surroundings suddenly seem different.
An eight-headed hydra comes into view.
Found a potion of magic.
Found a stone staircase leading up.
11192 ||| SWAPPING to +0 morningstar.
x - a +0 morningstar (weapon)
You barely miss the eight-headed hydra. You hit the eight-headed hydra.
The eight-headed hydra is lightly wounded.
You block the eight-headed hydra's attack.
The eight-headed hydra closely misses you.
The eight-headed hydra barely misses you.
The eight-headed hydra bites you but does no damage. x2
The eight-headed hydra bites you. The eight-headed hydra misses you.
The eight-headed hydra bites you but does no damage.
11195 ||| READING 3 scrolls of teleportation.
As you read the scroll of teleportation, it crumbles to dust.
You feel strangely unstable.
You block the eight-headed hydra's attack.
The eight-headed hydra barely misses you.
The eight-headed hydra bites you! The eight-headed hydra bites you.
The eight-headed hydra barely misses you.
The eight-headed hydra closely misses you.
You block the eight-headed hydra's attack.
The eight-headed hydra bites you!
You die...

.# #......##..
##.##.#..8.....
#............#
.............#
#...8..8.<.8.+
+............#
#............#
#@.8..#
#...D!....#
...........#.#
.....8...#...
........###..#
.......## ..#
.....## .P#
..#.. ##


You could see an eight-headed hydra.

Vanquished Creatures
  Gastronok (Lair:1)
  Fannar (Lair:1)
  A two-headed ogre (D:10)
  2 death yaks (Lair:2)
  Urug (Lair:1)
  Pikel (D:9)
  A black mamba (Lair:1)
  Joseph (D:7)
  A cane toad (Lair:1)
  2 komodo dragons
  2 polar bears
  A hornet (D:10)
  A troll (D:10)
  15 yaks
  A wyvern (Lair:2)
  A basilisk (Lair:1)
  An unseen horror simulacrum (D:8)
  3 steam dragons
  4 vampire mosquitoes (D:10)
  2 water moccasins
  6 ice beasts
  3 orc warriors
  A black bear (D:6)
  4 wolves (D:10)
  5 centaurs
  A lemure (D:9)
  3 phantoms
  3 kobold brigands
  A gnoll sergeant (D:8)
  2 bullfrogs
  9 wights
  4 killer bees (D:8)
  3 electric eels
  2 hounds
  A jelly (D:7)
  8 orc priests
  A gnoll bouda (D:8)
  A sleepcap (D:6)
  3 iguanas
  6 orc wizards
  12 gnolls
  11 adders
  2 river rats
  3 shadow imps
  2 white imps (D:8)
  An ufetubus (D:6)
  2 worms
  2 dart slugs
  32 orcs
  9 ball pythons
  11 endoplasms
  5 giant cockroaches
  7 goblins
  16 hobgoblins
  4 jackals (D:2)
  7 quokkas
  3 bats
  3 frilled lizards
  15 kobolds
  13 rats
270 creatures vanquished.

Vanquished Creatures (others)
  An ice beast (D:8)
  An orc (D:8)
2 creatures vanquished.

Grand Total: 272 creatures vanquished

Notes
Turn   | Place    | Note
-------+----------+-------------------------------------------
     0 | D:1      | qw the Gargoyle Fighter began the quest for the Orb.
     0 | D:1      | Reached XP level 1. HP: 14/14 MP: 1/1
     0 | D:1      | 0 ||| qw: Version: 0.2-a-102-gdf20003
     0 | D:1      | 0 ||| qw: Game counter: 924
     0 | D:1      | 0 ||| qw: Always use a shield: true
     0 | D:1      | 0 ||| qw: God list: Okawaru
     0 | D:1      | 0 ||| qw: Allow faded altars: false
     0 | D:1      | 0 ||| qw: Do Orc after D:15 true
     0 | D:1      | 0 ||| qw: Do second Lair branch before Depths: true
     0 | D:1      | 0 ||| qw: Lair rune preference: random
     0 | D:1      | 0 ||| qw: Plans: Normal, Zot:1-4, Slime:5, God:TSO, Crypt,
                  | Tomb, Pan, Hells, Abyss, Win
     0 | D:1      | 0 ||| PLANNING D:1-11
    19 | D:1      | 19 ||| Stepping ~*~*~tactically~*~*~ (stealth).
    50 | D:1      | Reached skill level 2 in Axes
    75 | D:1      | 75 ||| Stepping ~*~*~tactically~*~*~ (stealth).
    76 | D:1      | 76 ||| Stepping ~*~*~tactically~*~*~ (stealth).
   127 | D:1      | 127 ||| Stepping ~*~*~tactically~*~*~ (stealth).
   131 | D:1      | 131 ||| Stepping ~*~*~tactically~*~*~ (stealth).
   170 | D:1      | Reached XP level 2. HP: 19/19 MP: 2/2
   177 | D:1      | 177 ||| Stepping ~*~*~tactically~*~*~ (stealth).
   452 | D:1      | Reached skill level 3 in Axes
   472 | D:1      | Reached XP level 3. HP: 22/23 MP: 3/3
   578 | D:1      | 578 ||| Stepping ~*~*~tactically~*~*~ (stealth).
   579 | D:1      | 579 ||| Stepping ~*~*~tactically~*~*~ (stealth).
   701 | D:1      | 701 ||| DROPPING amulet of magic regeneration.
   702 | D:1      | 702 ||| DROPPING +6 ring of intelligence.
   703 | D:1      | 703 ||| READING scroll labelled FOFIXK CIOWI.
   704 | D:1      | 704 ||| READING scroll labelled KAUSUE JYPYGI.
   738 | D:2      | 738 ||| Stepping ~*~*~tactically~*~*~ (stealth).
   743 | D:2      | Found a faded altar of an unknown god.
   808 | D:2      | 808 ||| Stepping ~*~*~tactically~*~*~ (stealth).
  1016 | D:2      | Reached XP level 4. HP: 28/28 MP: 4/4
  1031 | D:2      | 1031 ||| Stepping ~*~*~tactically~*~*~ (stealth).
  1057 | D:2      | Found a runed translucent door.
  1058 | D:2      | Noticed Crazy Yiuf
  1087 | D:2      | Reached skill level 4 in Axes
  1242 | D:2      | HP: 4/28 [gnoll/+0 flail (10)]
  1341 | D:2      | 1341 ||| DROPPING +0 whip.
  1343 | D:2      | 1343 ||| Stepping ~*~*~tactically~*~*~ (hiding).
  1522 | D:2      | Reached XP level 5. HP: 32/32 MP: 5/5
  1539 | D:2      | Found a shimmering altar of Xom.
  1652 | D:2      | 1652 ||| READING scroll labelled GUTOKE VIHEU.
  1653 | D:2      | 1653 ||| READING scroll labelled VON MOIPUECHO.
  1679 | D:3      | 1679 ||| PLANNING SEWER
  1735 | D:3      | 1735 ||| DROPPING +0 whip of venom.
  1814 | D:3      | Identified the +1 dagger of Conflict {elec, Contam rC+
                  | Will+ Str+4}
  2037 | D:3      | 2037 ||| Stepping ~*~*~tactically~*~*~ (stealth).
  2046 | D:3      | 2046 ||| Stepping ~*~*~tactically~*~*~ (stealth).
  2119 | D:3      | Found a glowing drain.
  2120 | D:3      | 2120 ||| Stepping ~*~*~tactically~*~*~ (water).
  2122 | D:3      | Reached skill level 5 in Axes
  2124 | D:3      | 2124 ||| DRINKING 2 emerald potions.
  2125 | D:3      | 2125 ||| DRINKING 2 metallic cyan potions.
  2126 | D:3      | 2126 ||| DROPPING potion of brilliance.
  2127 | D:3      | 2127 ||| DROPPING potion of degeneration.
  2133 | Sewer    | Entered a sewer
  2250 | Sewer    | 2250 ||| Stepping ~*~*~tactically~*~*~ (stealth).
  2357 | Sewer    | 2357 ||| Stepping ~*~*~tactically~*~*~ (water).
  2368 | Sewer    | 2368 ||| Stepping ~*~*~tactically~*~*~ (stealth).
  2453 | Sewer    | Noticed a kobold brigand
  2470 | Sewer    | Killed a kobold brigand
  2471 | Sewer    | Reached XP level 6. HP: 28/38 MP: 6/6
  2511 | Sewer    | 2511 ||| READING scroll labelled GACZAS QOSUWN.
  2512 | Sewer    | 2512 ||| DRINKING 3 fizzy blue potions.
  2523 | D:3      | 2523 ||| PLANNING D:1-11
  2630 | D:3      | 2630 ||| Stepping ~*~*~tactically~*~*~ (stealth).
  2866 | D:3      | Found a radiant altar of Vehumet.
  2893 | D:3      | 2893 ||| READING scroll labelled WUXABE VUIK.
  2893 | D:3      | Identified a scroll of acquirement
  2893 | D:3      | 2893 ||| ACQUIRING +4 broad axe "Xokliok" {pain, rPois}
  2893 | D:3      | Acquired the +4 broad axe "Xokliok" {pain, rPois}
  2895 | D:3      | 2895 ||| SWAPPING to +4 broad axe "Xokliok" {pain, rPois}.
  2896 | D:3      | 2896 ||| DROPPING +0 war axe.
  2966 | D:4      | Reached skill level 1 in Dodging
  2980 | D:4      | Found a hazy altar of Hepliaklqana.
  3445 | D:4      | Found Riutugat's Jewellery Emporium.
  3448 | D:4      | 3448 ||| SHOPLISTING +4 ring of protection (432 gold, have
                  | 246).
  3448 | D:4      | 3448 ||| SHOPLISTING amulet of guardian spirit (360 gold,
                  | have 246).
  3448 | D:4      | 3448 ||| SHOPLISTING amulet of reflection (360 gold, have
                  | 246).
  3448 | D:4      | 3448 ||| SHOPLISTING amulet of the acrobat (360 gold, have
                  | 246).
  3448 | D:4      | 3448 ||| SHOPLISTING ring of protection from fire (300
                  | gold, have 246).
  3448 | D:4      | 3448 ||| BUYING ring of see invisible (180 gold).
  3448 | D:4      | Bought a ring of see invisible for 180 gold pieces
  3448 | D:4      | 3448 ||| SHOPLISTING ring of see invisible (180 gold, have
                  | 66).
  3486 | D:4      | Reached skill level 6 in Axes
  3699 | D:4      | 3699 ||| UPGRADING to ring of protection from fire.
  3700 | D:4      | 3700 ||| UPGRADING to ring of see invisible.
  3701 | D:4      | 3701 ||| UPGRADING to +5 ring of evasion.
  3703 | D:4      | 3703 ||| READING scroll labelled BEHIZULEXE.
  3704 | D:4      | 3704 ||| READING scroll labelled WUGUOGALLE.
  3705 | D:4      | 3705 ||| READING scroll labelled DIGGUH GAMMUG.
  3706 | D:4      | 3706 ||| DRINKING 2 fizzy inky potions.
  3706 | D:4      | Gained mutation: You sometimes lose your temper in combat.
                  | [potion of mutation]
  3706 | D:4      | Gained mutation: You have an uncontrollable temper. [potion
                  | of mutation]
  3706 | D:4      | Gained mutation: You are somewhat resistant to further
                  | mutation. [potion of mutation]
  3707 | D:4      | 3707 ||| DRINKING potion of mutation.
  3707 | D:4      | Lost mutation: You have an uncontrollable temper. [potion
                  | of mutation]
  3707 | D:4      | Lost mutation: You are somewhat resistant to further
                  | mutation. [potion of mutation]
  3707 | D:4      | Lost mutation: You sometimes lose your temper in combat.
                  | [potion of mutation]
  3707 | D:4      | Gained mutation: You occasionally lose the ability to read
                  | scrolls when taking damage. [potion of mutation]
  3707 | D:4      | Gained mutation: You do not regenerate when monsters are
                  | visible. [potion of mutation]
  3707 | D:4      | Gained mutation: Your spells are a little harder to cast,
                  | but a little more powerful. [potion of mutation]
  3708 | D:4      | 3708 ||| DRINKING 3 golden potions.
  3728 | D:5      | Entered Level 5 of the Dungeon
  3920 | D:5      | Noticed an ice beast
  3927 | D:5      | Killed an ice beast
  3928 | D:5      | Reached XP level 7. HP: 43/43 MP: 7/7
  4210 | D:5      | 4210 ||| DRINKING 3 fuming silvery potions.
  4211 | D:5      | 4211 ||| DRINKING 2 lumpy golden potions.
  4212 | D:5      | 4212 ||| DROPPING potion of magic.
  4235 | D:6      | 4235 ||| Stepping ~*~*~tactically~*~*~ (hiding).
  4242 | D:6      | Reached skill level 7 in Axes
  4505 | D:6      | 4505 ||| DRINKING potion of mutation.
  4505 | D:6      | Lost mutation: You do not regenerate when monsters are
                  | visible. [potion of mutation]
  4505 | D:6      | Lost mutation: You occasionally lose the ability to read
                  | scrolls when taking damage. [potion of mutation]
  4505 | D:6      | Gained mutation: Armour fits poorly on your strangely
                  | shaped body. [potion of mutation]
  4505 | D:6      | Gained mutation: Your mind is acute. (Int +4, Str/Dex -1)
                  | [potion of mutation]
  4674 | D:6      | 4674 ||| Stepping ~*~*~tactically~*~*~ (stealth).
  4683 | D:6      | Reached XP level 8. HP: 50/50 MP: 8/8
  4749 | D:6      | Reached skill level 1 in Throwing
  4800 | D:6      | 4800 ||| Stepping ~*~*~tactically~*~*~ (stealth).
  4803 | D:6      | 4803 ||| Stepping ~*~*~tactically~*~*~ (stealth).
  4965 | D:6      | Found a snail-covered altar of Cheibriados.
  4965 | D:6      | Found a basalt altar of Yredelemnul.
  4992 | D:6      | Reached skill level 8 in Axes
  5439 | D:6      | 5439 ||| Stepping ~*~*~tactically~*~*~ (stealth).
  5458 | D:6      | Reached skill level 6 in Fighting
  5561 | D:6      | 5561 ||| DROPPING +0 flail.
  5672 | D:6      | 5672 ||| UPGRADING to +0 chain mail.
  5682 | D:6      | 5682 ||| DROPPING +0 scale mail.
  5683 | D:6      | 5683 ||| UPGRADING to +2 pair of boots.
  5688 | D:6      | 5688 ||| READING scroll labelled GOBOCK KOSK.
  5689 | D:6      | 5689 ||| READING scroll labelled BOLECI UCOWN.
  5690 | D:6      | 5690 ||| READING 3 scrolls of identify.
  5690 | D:6      | 5690 ||| IDENTIFYING red potion
  5691 | D:6      | 5691 ||| READING 2 scrolls of identify.
  5691 | D:6      | 5691 ||| IDENTIFYING fizzy red potion
  5710 | D:7      | 5710 ||| Stepping ~*~*~tactically~*~*~ (hiding).
  5716 | D:7      | 5716 ||| STAIRDANCE
  5724 | D:6      | 5724 ||| Stepping ~*~*~tactically~*~*~ (cloud).
  5959 | D:7      | Found a staircase to the Ecumenical Temple.
  5960 | D:7      | 5960 ||| PLANNING TEMPLE
  5960 | D:7      | 5960 ||| UPGRADING to amulet of faith.
  5965 | D:7      | 5965 ||| READING 2 scrolls of identify.
  5965 | D:7      | 5965 ||| IDENTIFYING viscous coppery potion
  5966 | D:7      | 5966 ||| DROPPING potion of berserk rage.
  5977 | Temple   | Entered the Ecumenical Temple
  5986 | Temple   | 5986 ||| PLANNING OKAWARU WORSHIP
  6217 | Temple   | Became a worshipper of Warmaster Okawaru
  6217 | Temple   | 6217 ||| PLANNING D:1-11
  6235 | D:7      | Identified the ring of Spontaneous Combustion {Slay+3 SInv}
  6253 | D:7      | 6253 ||| Stepping ~*~*~tactically~*~*~ (stealth).
  6256 | D:7      | 6256 ||| Stepping ~*~*~tactically~*~*~ (stealth).
  6259 | D:7      | Reached XP level 9. HP: 55/55 MP: 9/9
  6275 | D:7      | HP: 7/55 [ice beast (10)]
  6276 | D:7      | 6276 ||| READING 2 scrolls of teleportation.
  6277 | D:7      | 6277 ||| DRINKING 5 potions of heal wounds.
  6281 | D:7      | Reached skill level 9 in Axes
  6473 | D:7      | Found a blossoming altar of Fedhas.
  6475 | D:7      | Found an ancient bone altar of Kikubaaqudgha.
  6730 | D:7      | Found an ornate altar of the Wu Jian Council.
  6730 | D:7      | Found a bloodstained altar of Trog.
  6730 | D:7      | Noticed Joseph
  6731 | D:7      | 6731 ||| Stepping ~*~*~tactically~*~*~ (hiding).
  6742 | D:7      | HP: 8/56 [Joseph/+2 heavy quarterstaff (17)]
  6743 | D:7      | 6743 ||| READING 2 scrolls of teleportation.
  6744 | D:7      | 6744 ||| DRINKING 4 potions of heal wounds.
  6745 | D:7      | Killed Joseph
  6745 | D:7      | Reached * piety under Okawaru
  7068 | D:7      | 7068 ||| DRINKING potion of mutation.
  7068 | D:7      | Lost mutation: Your spells are a little harder to cast, but
                  | a little more powerful. [potion of mutation]
  7068 | D:7      | Lost mutation: Armour fits poorly on your strangely shaped
                  | body. [potion of mutation]
  7068 | D:7      | Gained mutation: You occasionally lose the ability to drink
                  | potions when taking damage. [potion of mutation]
  7068 | D:7      | Gained mutation: You expend magic power (3 MP) to
                  | strengthen your wands. [potion of mutation]
  7068 | D:7      | Gained mutation: You are robust. (+10% HP) [potion of
                  | mutation]
  7130 | D:7      | Reached skill level 1 in Invocations
  7183 | D:7      | 7183 ||| INVOKING Heroism.
  7214 | D:7      | 7214 ||| UPGRADING to ring of Spontaneous Combustion
                  | {Slay+3 SInv}.
  7216 | D:7      | 7216 ||| DROPPING +6 ring of dexterity.
  7217 | D:7      | 7217 ||| DROPPING ring of positive energy.
  7218 | D:7      | 7218 ||| DROPPING ring of wizardry.
  7219 | D:7      | 7219 ||| DROPPING ring of see invisible.
  7331 | D:8      | 7331 ||| INVOKING Heroism.
  7333 | D:8      | 7333 ||| Stepping ~*~*~tactically~*~*~ (hiding).
  7385 | D:8      | 7385 ||| INVOKING Heroism.
  7386 | D:8      | 7386 ||| Stepping ~*~*~tactically~*~*~ (stealth).
  7431 | D:8      | Found the macabre finger necklace {Finger+ rN+}
  7440 | D:8      | Noticed a salamander
  7440 | D:8      | Noticed a yaktaur
  7441 | D:8      | Noticed a komodo dragon
  7444 | D:8      | Noticed a troll
  7445 | D:8      | Noticed a troll
  7446 | D:8      | Noticed a cyclops
  7472 | D:8      | 7472 ||| INVOKING Heroism.
  7477 | D:8      | Reached skill level 3 in Invocations
  7484 | D:8      | 7484 ||| INVOKING Heroism.
  7489 | D:8      | Reached skill level 10 in Axes
  7493 | D:8      | Reached XP level 10. HP: 37/69 MP: 9/13
  7503 | D:8      | Reached ** piety under Okawaru
  7705 | D:8      | 7705 ||| INVOKING Heroism.
  7843 | D:8      | 7843 ||| INVOKING Heroism.
  7846 | D:8      | 7846 ||| Stepping ~*~*~tactically~*~*~ (hiding).
  7847 | D:8      | 7847 ||| Stepping ~*~*~tactically~*~*~ (hiding).
  7850 | D:8      | 7850 ||| Stepping ~*~*~tactically~*~*~ (hiding).
  7851 | D:8      | 7851 ||| Stepping ~*~*~tactically~*~*~ (hiding).
  7905 | D:8      | 7905 ||| Stepping ~*~*~tactically~*~*~ (hiding).
  7910 | D:8      | 7910 ||| Stepping ~*~*~tactically~*~*~ (hiding).
  7913 | D:8      | 7913 ||| INVOKING Heroism.
  8156 | D:8      | 8156 ||| INVOKING Heroism.
  8165 | D:8      | Reached skill level 11 in Axes
  8192 | D:8      | 8192 ||| INVOKING Heroism.
  8291 | D:8      | 8291 ||| UPGRADING to +2 plate armour of poison resistance.
  8301 | D:8      | 8301 ||| DROPPING +0 chain mail.
  8302 | D:8      | 8302 ||| READING 2 scrolls of enchant armour.
  8302 | D:8      | 8302 ||| ENCHANTING +2 plate armour of poison resistance.
  8303 | D:8      | 8303 ||| READING scroll of enchant armour.
  8303 | D:8      | 8303 ||| ENCHANTING +3 plate armour of poison resistance.
  8346 | D:9      | 8346 ||| Stepping ~*~*~tactically~*~*~ (stealth).
  8348 | D:9      | Noticed Pikel
  8360 | D:9      | Killed Pikel
  8360 | D:9      | Reached *** piety under Okawaru
  8361 | D:9      | Reached skill level 6 in Armour
  8434 | D:9      | 8434 ||| INVOKING Heroism.
  8456 | D:9      | Found a runed translucent door.
  8457 | D:9      | Noticed qw's ghost (journeyman GrCA)
  8491 | D:9      | 8491 ||| DROPPING +1 heavy war axe.
  8697 | D:9      | 8697 ||| DRINKING potion of mutation.
  8697 | D:9      | Lost mutation: You expend magic power (3 MP) to strengthen
                  | your wands. [potion of mutation]
  8697 | D:9      | Lost mutation: You are robust. (+10% HP) [potion of
                  | mutation]
  8697 | D:9      | Lost mutation: You occasionally lose the ability to drink
                  | potions when taking damage. [potion of mutation]
  8697 | D:9      | Gained mutation: Your spells are a little easier to cast,
                  | but a little less powerful. [potion of mutation]
  8697 | D:9      | Gained mutation: You are frail. (-10% HP) [potion of
                  | mutation]
  8697 | D:9      | Gained mutation: Your spells are easier to cast, but less
                  | powerful. [potion of mutation]
  8697 | D:9      | Gained mutation: Your mind is very acute. (Int +8, Str/Dex
                  | -2) [potion of mutation]
  8781 | D:9      | 8781 ||| DRINKING 2 ruby potions.
  8782 | D:9      | 8782 ||| DRINKING 4 potions of curing.
  8782 | D:9      | 8782 ||| (to cure confusion)
  8783 | D:9      | 8783 ||| DROPPING potion of ambrosia.
  8799 | D:10     | Entered Level 10 of the Dungeon
  8834 | D:10     | Noticed a two-headed ogre
  8836 | D:10     | 8836 ||| INVOKING Heroism.
  8842 | D:10     | Killed a two-headed ogre
  8863 | D:10     | 8863 ||| Stepping ~*~*~tactically~*~*~ (stealth).
  8870 | D:10     | Reached XP level 11. HP: 62/62 MP: 14/14
  8880 | D:10     | 8880 ||| INVOKING Heroism.
  8889 | D:10     | Found a staircase to the Lair.
  8919 | D:10     | Reached skill level 9 in Fighting
  8993 | D:10     | 8993 ||| Stepping ~*~*~tactically~*~*~ (hiding).
  8994 | D:10     | 8994 ||| Stepping ~*~*~tactically~*~*~ (hiding).
  8995 | D:10     | 8995 ||| Stepping ~*~*~tactically~*~*~ (hiding).
  8996 | D:10     | 8996 ||| Stepping ~*~*~tactically~*~*~ (hiding).
  8997 | D:10     | 8997 ||| Stepping ~*~*~tactically~*~*~ (hiding).
  9001 | D:10     | 9001 ||| DRINKING 3 potions of curing.
  9001 | D:10     | 9001 ||| (to cure confusion)
  9107 | D:10     | Found a glowing golden altar of the Shining One.
  9202 | D:10     | 9202 ||| INVOKING Heroism.
  9367 | D:10     | Found a portal to a secret trove of treasure.
  9533 | D:10     | Reached **** piety under Okawaru
  9540 | D:10     | 9540 ||| INVOKING Heroism.
  9613 | D:10     | Identified the +3 robe "Wuetaykh" {rN+}
  9646 | D:10     | 9646 ||| INVOKING Heroism.
 10067 | D:10     | 10067 ||| PLANNING LAIR
 10067 | D:10     | 10067 ||| READING scroll labelled KIP SAONYAGIH.
 10090 | Lair:1   | Entered Level 1 of the Lair of Beasts
 10115 | Lair:1   | 10115 ||| INVOKING Heroism.
 10147 | Lair:1   | Noticed Fannar
 10168 | Lair:1   | 10168 ||| INVOKING Heroism.
 10178 | Lair:1   | Killed Fannar
 10341 | Lair:1   | 10341 ||| INVOKING Heroism.
 10350 | Lair:1   | Reached skill level 12 in Axes
 10402 | Lair:1   | Noticed Urug
 10403 | Lair:1   | 10403 ||| Stepping ~*~*~tactically~*~*~ (hiding).
 10405 | Lair:1   | 10405 ||| INVOKING Heroism.
 10414 | Lair:1   | Killed Urug
 10424 | Lair:1   | 10424 ||| INVOKING Heroism.
 10591 | Lair:1   | 10591 ||| INVOKING Heroism.
 10601 | Lair:1   | Reached skill level 6 in Invocations
 10627 | Lair:1   | Noticed Gastronok
 10628 | Lair:1   | 10628 ||| Stepping ~*~*~tactically~*~*~ (hiding).
 10635 | Lair:1   | 10635 ||| Stepping ~*~*~tactically~*~*~ (hiding).
 10639 | Lair:1   | 10639 ||| Stepping ~*~*~tactically~*~*~ (hiding).
 10641 | Lair:1   | 10641 ||| Stepping ~*~*~tactically~*~*~ (hiding).
 10645 | Lair:1   | 10645 ||| INVOKING Heroism.
 10657 | Lair:1   | HP: 8/63 [Gastronok/the air (13)]
 10658 | Lair:1   | 10658 ||| READING 5 scrolls of teleportation.
 10659 | Lair:1   | 10659 ||| DRINKING 5 potions of heal wounds.
 10660 | Lair:1   | 10660 ||| DRINKING 4 potions of heal wounds.
 10661 | Lair:1   | Killed Gastronok
 10661 | Lair:1   | Reached ***** piety under Okawaru
 10662 | Lair:1   | Reached skill level 3 in Throwing
 10767 | Lair:1   | 10767 ||| Stepping ~*~*~tactically~*~*~ (stealth).
 10768 | Lair:1   | 10768 ||| Stepping ~*~*~tactically~*~*~ (stealth).
 10769 | Lair:1   | 10769 ||| Stepping ~*~*~tactically~*~*~ (stealth).
 10771 | Lair:1   | 10771 ||| INVOKING Heroism.
 11105 | Lair:1   | 11105 ||| UPGRADING to +1 hat.
 11110 | Lair:1   | 11110 ||| READING 2 scrolls of identify.
 11110 | Lair:1   | 11110 ||| IDENTIFYING fizzy pink potion
 11125 | Lair:2   | 11125 ||| INVOKING Heroism.
 11134 | Lair:2   | Reached skill level 6 in Shields
 11163 | Lair:2   | 11163 ||| Stepping ~*~*~tactically~*~*~ (stealth).
 11164 | Lair:2   | Noticed a death yak
 11164 | Lair:2   | Noticed a death yak
 11165 | Lair:2   | 11165 ||| Stepping ~*~*~tactically~*~*~ (stealth).
 11166 | Lair:2   | Noticed a death yak
 11167 | Lair:2   | 11167 ||| INVOKING Heroism.
 11170 | Lair:2   | Reached XP level 12. HP: 68/68 MP: 14/17
 11177 | Lair:2   | 11177 ||| INVOKING Finesse.
 11182 | Lair:2   | Killed a death yak
 11186 | Lair:2   | HP: 11/68 [death yak (19)]
 11187 | Lair:2   | 11187 ||| READING 4 scrolls of teleportation.
 11188 | Lair:2   | 11188 ||| DRINKING 3 potions of heal wounds.
 11189 | Lair:2   | Killed a death yak
 11191 | Lair:2   | Noticed an eight-headed hydra
 11192 | Lair:2   | 11192 ||| SWAPPING to +0 morningstar.
 11194 | Lair:2   | HP: 17/69 [eight-headed hydra (5)]
 11195 | Lair:2   | 11195 ||| READING 3 scrolls of teleportation.
 11195 | Lair:2   | Slain by an eight-headed hydra

Levels and vault maps discovered:
D:1:      minmay_arrival_checkered_box, layout_loops_cross
D:2:      layout_loops_ring, ebering_ecumenical_altar_sacrificial, basic_altar,
          minmay_misc_feat_plants, kennysheep_generic_room_4,
          uniq_crazy_yiuf_cottage
D:3:      layout_basic, mainiacjoe_overflow_surrounded_room,
          portal_sewer_entry_e, dk_noncrumbling_2, chequers_serial_rivers_room_b
D:4:      layout_loops_cross, mainiacjoe_overflow_cross_hatched, serial_shops,
          nicolae_shop_behind_doors, kennysheep_potato
D:5:      layout_cave_pools, hellmonk_bongcloud_opening,
          kennysheep_generic_room_8
D:6:      layout_loops_corners, gammafunk_temple_overflow_wave
D:7:      layout_basic, gammafunk_temple_overflow_pools,
          grunt_temple_overflow_growth_and_decay, minmay_temple_entry_ruins,
          kennysheep_generic_room_3, uniq_joseph
D:8:      layout_basic, serial_ice, serial_ice_l, serial_ice_m, serial_ice_n,
          serial_ice_e, onia_ninara_dug_in_and_dangerous
D:9:      layout_rooms, gammafunk_ghost_grave, uniq_pikel
D:10:     layout_basic, mainiacjoe_overflow_small_starburst, erik_lair_island,
          enter_trove_2, minivault_25
Temple:   oiseaux_autumnal_temple
Lair:1:   layout_chaotic_city, uniq_fannar, uniq_gastronok, uniq_urug
Lair:2:   layout_cave_pods, palyth_hydra_swamp_entry, serial_bayou_pond_d,
          chequers_serial_rivers_room_a, grunt_megastairs_3, uniq_maggie

Skill      XL: |  1  2  3  4  5  6  7  8  9 10 11 12 |
---------------+-------------------------------------+-----
Axes           | 2 3 4 5 6 7 8 10 11 12 | 12.0
Fighting       | 4 5 6 7 8 9 |  9.8
Dodging        | 1 |  1.0
Throwing       | 1 3 |  3.1
Armour         | 4 7 8 |  8.4
Shields        | 4 5 6 |  6.0
Invocations    | 4 7 8 |  8.1

Action                     |  1- 3 |  4- 6 |  7- 9 | 10-12 || total
---------------------------+-------+-------+-------+-------++-------
  Melee: War axe           |   149 |   205 |       |       ||   354
         Broad axe         |       |    40 |   153 |   294 ||   487
         Morningstar       |       |       |       |     2 ||     2
  Throw: Boomerang         |    33 |     3 |    42 |    47 ||   125
         Javelin           |       |       |       |     5 ||     5
 Invoke: Heroism           |       |       |     5 |    21 ||    26
         Finesse           |       |       |       |     1 ||     1
    Use: Scroll            |     2 |     7 |     7 |     7 ||    23
         Potion            |       |     6 |     6 |     7 ||    19
 Armour: Scale mail        |    71 |   120 |    30 |       ||   221
         Chain mail        |       |       |    56 |    28 ||    84
         Plate armour      |       |       |       |   109 ||   109
  Dodge: Dodged            |    59 |    99 |   147 |   147 ||   452
  Block: Buckler           |    26 |    42 |    39 |    75 ||   182

Table legend:
 A = Non-vault XP
 B = Vault XP
 C = Vault XP percentage of total XP
 D = Non-vault monster count
 E = Vault monster count
 F = Vault count percentage of total count
                 A         B        C        D         E       F
            +---------+---------+-------+---------+---------+-------
      Total |   14251 |    6338 |  30.8 |     224 |      46 |  17.0
            +---------+---------+-------+---------+---------+-------
        D:1 |      44 |       0 |   0.0 |      25 |       0 |   0.0
        D:2 |     119 |       2 |   1.7 |      31 |       1 |   3.1
        D:3 |      63 |      34 |  35.1 |      16 |       8 |  33.3
        D:4 |      45 |     103 |  69.6 |      11 |       1 |   8.3
        D:5 |     284 |       3 |   1.0 |       3 |       1 |  25.0
        D:6 |    1250 |       0 |   0.0 |      25 |       0 |   0.0
        D:7 |    1202 |     451 |  27.3 |      19 |       3 |  13.6
        D:8 |    2574 |     976 |  27.5 |      45 |       7 |  13.5
        D:9 |     331 |     641 |  65.9 |      14 |       1 |   6.7
       D:10 |    2477 |     784 |  24.0 |      16 |       6 |  27.3
     Lair:1 |    2959 |    3184 |  51.8 |      11 |       3 |  21.4
     Lair:2 |    2903 |       0 |   0.0 |       8 |       0 |   0.0
      Sewer |       0 |     160 | 100.0 |       0 |      15 | 100.0
            +---------+---------+-------+---------+---------+-------
